 Dungeon Crawl Stone Soup version 0.28.0-53-g5a82cb258f (webtiles) character file.

Game seed: 3743031198553122026

11046 SanguineChosen the Protected (level 11, -5/69 HPs)
             Began as a Gargoyle Fighter on July 13, 2022.
             Was an Initiate of Okawaru.
             Slain by a vampire (10 damage)
             ... on level 11 of the Dungeon on July 14, 2022.
             The game lasted 01:11:23 (17218 turns).

SanguineChosen the Protected (Gargoyle Fighter)    Turns: 17218, Time: 01:11:23

Health: -5/69      AC: 25    Str: 24    XL:     11   Next: 71%
Magic:  11/11      EV: 12    Int:  9    God:    Okawaru [......]
Gold:   461        SH:  0    Dex: 15    Spells: 10/10 levels left

rFire   . . .      SeeInvis .   v - +5 hand axe (freeze)
rCold   . . .      Faith    .   q - +3 buckler
rNeg    + . .      Spirit   .   b - +0 scale mail
rPois   ∞          Reflect  .   m - +2 helmet
rElec   +          Harm     .   t - +2 cloak
rCorr   .          Rampage  .   (no gloves)
Will    .....                   j - +0 pair of boots
Stlth   ..........              (no amulet)
HPRegen 0.21/turn               x - ring of flight
MPRegen 0.12/turn               u - +6 ring of dexterity

@: confused, mighty, flying
A: sickness immunity, AC +8, negative energy resistance 1, electricity
resistance, torment resistance 1, petrification resistance
a: Renounce Religion


You were on level 11 of the Dungeon.
You worshipped Okawaru.
Okawaru was noncommittal.
You visited 3 branches of the dungeon, and saw 14 of its levels.

You collected 623 gold pieces.
You spent 162 gold pieces at shops.

Inventory:

Hand Weapons
 l - a +2 whip of freezing
 v - a +5 hand axe of freezing (weapon)
 y - a +4 quarterstaff of chaos
 D - a +3 flail
 F - a +1 flail of protection
Missiles
 f - 21 poisoned darts (quivered)
 k - a curare-tipped dart
 w - a throwing net
Armour
 b - a +0 scale mail (worn)
 j - a +0 pair of boots (worn)
 m - a +2 helmet (worn)
 q - a +3 buckler (worn)
 t - a +2 cloak (worn)
Jewellery
 g - a ring of fire
 u - a +6 ring of dexterity (right hand)
 x - a ring of flight (left hand)
 z - a ring of protection from cold
Wands
 a - a wand of charming (11)
 e - a wand of paralysis (2)
 n - a wand of acid (1)
 r - a wand of flame (26)
 A - a wand of polymorph (13)
Scrolls
 c - a scroll of brand weapon {unknown}
 h - a scroll of amnesia
 i - a scroll of fear
 p - a scroll of magic mapping
 s - 2 scrolls of blinking
 E - 2 scrolls of identify
Potions
 o - a potion of invisibility
 C - a potion of berserk rage {unknown}


   Skills:
 + Level 8.8 Fighting
 + Level 9.0(9.3) Maces & Flails
 - Level 3.3(6.6) Staves
 - Level 3.2 Throwing
 + Level 10.0 Armour
 + Level 5.3 Dodging
 + Level 3.0 Stealth
 + Level 8.2 Shields
 + Level 1.7 Evocations


You had 10 spell levels left.
You didn't know any spells.
Your spell library contained the following spells:

 Spells                   Type           Power      Damage    Failure   Level
 Pain                     Necr           0%         1d4       71%         1
 Shock                    Conj/Air       0%         1d3       71%         1
 Blink                    Tloc           0%         N/A       85%         2
 Corpse Rot               Necr/Air       0%         N/A       85%         2
 Poisonous Vapours        Pois/Air       0%         N/A       85%         2
 Agony                    Necr           0%         N/A       100%        5
 Excruciating Wounds      Necr           0%         N/A       100%        5
 Manifold Assault         Tloc           0%         N/A       100%        5
 Orb of Destruction       Conj           0%         9d5       100%        7
 Storm Form               Tmut/Air       0%         N/A       100%        7
 Chain Lightning          Conj/Air       0%         N/A       100%        9
 Fire Storm               Conj/Fire      0%         5d1       100%        9
 Shatter                  Erth           0%         3d5*      100%        9
 Summon Small Mammal      Summ           Unusable   N/A       N/A         1
 Call Canine Familiar     Summ           Unusable   N/A       N/A         3
 Summon Guardian Golem    Hex/Summ       Unusable   N/A       N/A         3
 Spellforged Servitor     Conj/Summ      Unusable   N/A       N/A         7

Dungeon Overview and Level Annotations

Branches:
Dungeon (11/15)            Temple (1/1) D:7            Lair (2/6) D:9
    Orc (0/2) D:10
  Swamp: Lair:2-4    Shoals: Lair:2-4     Snake: Lair:2-4    Spider: Lair:2-4

Altars:
Ashenzari
Cheibriados
Dithmenos
Elyvilon
Fedhas
Gozag
Hepliaklqana
Kikubaaqudgha
Makhleb
Nemelex Xobeh
Okawaru
Qazlal
Ru
Sif Muna
Trog
Uskayaw
Vehumet
Wu Jian
Xom
Yredelemnul
Zin
The Shining One
Beogh

Shops:
D:5 ?

Annotations:
D:9 exclusion: obsidian statue
Lair:1 Fannar, Urug


Innate Abilities, Weirdness & Mutations

You are immune to sickness and miasma.
Your stone body is resilient. (AC +8)
You are immune to poison.
You resist negative energy. (rN+)
You are resistant to electric shocks. (rElec)
You are resistant to unholy torment.
You are immune to petrification.


Message History

The orc warrior closely misses you. The orc warrior barely misses you.
You hit the orc warrior but do no damage.
The orc warrior is heavily wounded.
The orc warrior closely misses you.
The orc warrior hits you with a +0 battleaxe.
You slash the orc warrior! You freeze the orc warrior.
You kill the orc warrior!
Okawaru accepts your kill. You block the orc warrior's attack.
The orc priest mumbles some strange prayers to Beogh against you.
Beogh smites you!
Your Stealth skill increases to level 3!
You slash something! You freeze something. Something barely misses you.
Something bites you.
The orc warrior hits you from afar with a +2 vorpal trident!
* * * LOW HITPOINT WARNING * * *
x2 You feel much better.
Something hits you. Something bites you but does no damage.
The orc warrior hits you from afar with a +2 vorpal trident.
You hear some strange, mumbled words.
You are confused.
The orc warrior hits you but does no damage.
You hear some strange, mumbled words.
You are more confused.
There is an open door here.
You bump into the rock wall.
The orc warrior hits you from afar with a +2 vorpal trident!
Something hits you but does no damage. Something bites you!
* * * LOW HITPOINT WARNING * * *
You slash something! You freeze something.
The orc warrior hits you but does no damage.
Something hits you but does no damage. Something bites you but does no damage.
You miss something.
The orc warrior hits you but does no damage.
Something hits you but does no damage. Something bites you.
* * * LOW HITPOINT WARNING * * *
The orc warrior hits you from afar with a +2 vorpal trident.
* * * LOW HITPOINT WARNING * * *
x2 You're too confused to move!
Something hits you!
You die...

######+#####
#..........# ###+
#..........# o.$..
#..........#####oOo...
#..........##.oo))o)_.
#.........@##.##ooo...
#..........'o.# o....
#..........#### o...
#####'###### ##+ #...#
###.## #..# ##.#
##+##### #.# #......#


You could see an orc warrior.

Vanquished Creatures
  Harold (D:7)
  A two-headed ogre (D:9)
  Pikel (D:8)
  A deep elf pyromancer (D:10)
  Maurice (D:8)
  Joseph (D:8)
  A gargoyle (D:7)
  A kobold demonologist (D:10)
  2 unseen horrors
  Psyche (D:9)
  A komodo dragon (D:10)
  Grinder (D:6)
  A hornet (D:9)
  A shadow (D:11)
  7 yaks
  A wraith (D:10)
  4 wyverns
  Menkaure (D:6)
  7 orc warriors
  3 sky beasts
  3 black bears
  4 ogres
  3 centaurs
  3 kobold brigands
  3 bullfrogs
  A scorpion (D:5)
  A water moccasin zombie (D:6)
  10 killer bees
  4 wights (D:8)
  8 howler monkeys
  5 hounds
  2 jellies
  A bullfrog skeleton (D:7)
  Crazy Yiuf (D:7)
  A centaur skeleton (D:6)
  4 orc priests
  A gnoll shaman (D:7)
  3 iguanas
  Terence (D:3)
  Jessica (D:2)
  8 orc wizards
  A hound zombie (D:5)
  A howler monkey skeleton (D:7)
  13 adders
  10 gnolls
  A shadow imp (D:6)
  A white imp (D:6)
  An ufetubus (D:5)
  A worm (D:2)
  7 dart slugs
  30 orcs
  7 endoplasms
  A giant cockroach (D:4)
  5 goblins
  6 hobgoblins
  5 jackals
  17 kobolds
  A quokka (D:2)
  12 ball pythons
  4 bats
  3 frilled lizards
  A rat (D:1)
234 creatures vanquished.

Vanquished Creatures (others)
  An orc wizard (D:8)
  A gnoll (D:9)
  An orc (D:8)
  2 fungi (D:9)
  3 plants (D:9)
8 creatures vanquished.

Grand Total: 242 creatures vanquished

Notes
Turn   | Place    | Note
-------+----------+-------------------------------------------
     0 | D:1      | SanguineChosen the Gargoyle Fighter began the quest for the
                  | Orb.
     0 | D:1      | Reached XP level 1. HP: 14/14 MP: 1/1
   132 | D:1      | Reached XP level 2. HP: 10/19 MP: 2/2
   286 | D:1      | Found a faded altar of an unknown god.
   294 | D:1      | Got Plato's Handbook of Air
  1138 | D:2      | Reached XP level 3. HP: 20/24 MP: 3/3
  1394 | D:2      | Reached XP level 4. HP: 12/29 MP: 4/4
  1411 | D:2      | Reached skill level 1 in Stealth
  2060 | D:2      | Noticed Jessica
  2078 | D:2      | Reached skill level 1 in Dodging
  2089 | D:2      | Reached XP level 5. HP: 13/33 MP: 5/5
  2093 | D:2      | Killed Jessica
  2094 | D:2      | Reached skill level 4 in Armour
  2571 | D:2      | Identified a scroll of acquirement
  2572 | D:2      | Acquired a +2 quarterstaff of holy wrath
  2782 | D:3      | Found an ornate altar of the Wu Jian Council.
  2938 | D:3      | Found a radiant altar of Vehumet.
  2977 | D:3      | Noticed Terence
  2988 | D:3      | Killed Terence
  3034 | D:3      | Reached XP level 6. HP: 34/38 MP: 6/6
  3079 | D:3      | Reached skill level 1 in Staves
  3854 | D:4      | Found a stormy altar of Qazlal.
  3895 | D:4      | Noticed a sky beast
  3919 | D:4      | Killed a sky beast
  3920 | D:4      | Reached XP level 7. HP: 30/44 MP: 7/7
  4318 | D:4      | Found a hazy altar of Hepliaklqana.
  4605 | D:5      | Entered Level 5 of the Dungeon
  4703 | D:5      | Reached skill level 5 in Armour
  5381 | D:5      | Reached XP level 8. HP: 22/48 MP: 8/8
  5826 | D:5      | Found Iwuwk's Magic Scroll Boutique.
  5834 | D:5      | Bought a scroll of identify for 24 gold pieces
  5834 | D:5      | Bought a scroll of identify for 24 gold pieces
  5834 | D:5      | Bought a scroll of enchant weapon for 90 gold pieces
  5834 | D:5      | Bought a scroll of identify for 24 gold pieces
  5973 | D:6      | Reached skill level 6 in Armour
  6075 | D:6      | Reached skill level 5 in Fighting
  6075 | D:6      | Reached skill level 5 in Shields
  6466 | D:6      | Reached skill level 5 in Maces & Flails
  6635 | D:6      | Noticed Grinder
  6656 | D:6      | Killed Grinder
  6657 | D:6      | Reached skill level 1 in Throwing
  6781 | D:6      | Found a snail-covered altar of Cheibriados.
  6804 | D:6      | Noticed Menkaure
  6816 | D:6      | Killed Menkaure
  6817 | D:6      | Reached XP level 9. HP: 32/54 MP: 9/9
  7698 | D:7      | Found a staircase to the Ecumenical Temple.
  7988 | D:7      | Noticed a gargoyle
  8643 | D:7      | Noticed Harold
  8667 | D:7      | Killed Harold
  8668 | D:7      | Reached skill level 7 in Armour
  8701 | D:7      | Found a white marble altar of Elyvilon.
  9079 | D:7      | Killed a gargoyle
  9080 | D:7      | Reached skill level 1 in Evocations
  9080 | D:7      | Reached XP level 10. HP: 50/61 MP: 10/10
  9164 | D:7      | Found a runed translucent door.
  9165 | D:7      | Noticed Crazy Yiuf
  9212 | D:7      | Killed Crazy Yiuf
  9747 | D:7      | Killed an unseen horror
 10077 | D:8      | You fall into a shaft and drop 3 floors!
 10100 | D:10     | Entered Level 10 of the Dungeon
 10100 | D:10     | Noticed a kobold demonologist
 10111 | D:10     | Noticed a sun demon
 10113 | D:10     | Killed a kobold demonologist
 10193 | D:10     | Reached skill level 8 in Armour
 11063 | D:8      | Noticed Joseph
 11080 | D:8      | Noticed Pikel
 11269 | D:8      | Killed Joseph
 11894 | D:8      | Noticed Maurice
 11896 | D:8      | Killed Pikel
 11897 | D:8      | Reached XP level 11. HP: 53/68 MP: 11/11
 11905 | D:8      | Paralysed by Maurice for 4 turns
 11916 | D:8      | Paralysed by Maurice for 2 turns
 11927 | D:8      | Killed Maurice
 12005 | D:8      | Reached skill level 9 in Armour
 12944 | D:9      | Noticed an obsidian statue
 13270 | D:9      | Found a staircase to the Lair.
 13433 | D:9      | Noticed Psyche
 14259 | D:9      | Killed Psyche
 14260 | D:9      | Reached skill level 5 in Dodging
 14675 | D:10     | Noticed a two-headed ogre
 14696 | D:9      | Killed a two-headed ogre
 14819 | D:10     | Found a staircase to the Orcish Mines.
 14928 | D:10     | Found a shimmering blue altar of Sif Muna.
 15478 | D:10     | Found a hide-covered altar of Uskayaw.
 15741 | D:10     | Noticed a deep elf pyromancer
 15750 | D:10     | Killed a deep elf pyromancer
 15897 | D:10     | Found a glowing golden altar of the Shining One.
 16080 | Temple   | Entered the Ecumenical Temple
 16333 | Temple   | Became a worshipper of Warmaster Okawaru
 16456 | Lair:1   | Entered Level 1 of the Lair of Beasts
 16492 | Lair:1   | Noticed Fannar
 16824 | Lair:1   | Noticed Urug
 17205 | D:11     | Reached skill level 10 in Armour
 17218 | D:11     | Slain by a vampire

Illustrated notes

Levels and vault maps discovered:
D:1:      minmay_arrival_open_corners, layout_basic,
          shapermc_ecumenical_altar_rom_forum, columned_hall_lemuel,
          minmay_box_of_dots
D:2:      layout_basic, minmay_snake_closets, uniq_jessica
D:3:      layout_basic, mainiacjoe_overflow_six_doors_small,
          mainiacjoe_overflow_24_doors, corexii_leaking_fountain, hex_tiny,
          minmay_misc_feat_encased, uniq_terence
D:4:      layout_basic, marbit_many_paths, mainiacjoe_overflow_surrounded_room,
          grunt_decor_arrowhead
D:5:      minmay_skewed_foursquare, layout_loops_cross, serial_shops, shop
D:6:      layout_basic, kennysheep_slug_shrine, hellmonk_bongcloud_opening,
          uniq_grinder, uniq_menkaure
D:7:      layout_loops_ring, kennysheep_little_box,
          minmay_temple_entry_stoned_glass, minmay_microvault,
          uniq_crazy_yiuf_cottage, uniq_harold
D:8:      layout_layer_cave, enter_bailey_2, minmay_misc_feat_enclosed,
          uniq_joseph, uniq_pikel, uniq_maurice
D:9:      layout_long_grid, david_lair_generic, minivault_16, uniq_psyche
D:10:     layout_irregular_city, nicolae_tso_swordbearing_angel,
          mainiacjoe_overflow_cross_hatched, mainiacjoe_overflow_alcove_2,
          orc_0_dummy
D:11:     layout_roguey [special_room_orc], evilmike_butchery, uniq_gastronok
Temple:   nicolae_temple_figure_eight
Lair:1:   layout_cave_pods, minivault_19, uniq_fannar, uniq_urug
Lair:2:   layout_hall_layers, hellmonk_spider_entry_life_and_decay,
          lemuel_fruit_tree, grunt_megastairs_4, uniq_nergalle

Skill      XL: |  1  2  3  4  5  6  7  8  9 10 11 |
---------------+----------------------------------+-----
Stealth        | 1 2 3 |  3.0
Dodging        | 1 2 3 4 5 |  5.3
Shields        | 4 5 6 7 8 |  8.2
Maces & Flails | 3 4 5 7 8 9 |  9.0
Armour         | 4 5 6 7 8 10 | 10.0
Fighting       | 4 5 6 8 |  8.8
Staves         | 3 |  3.3
Throwing       | 1 3 |  3.2
Evocations     | 1 |  1.7

Action                   |  1- 3 |  4- 6 |  7- 9 | 10-12 || total
-------------------------+-------+-------+-------+-------++-------
Melee: Flail             |    92 |    61 |       |       ||   153
       Quarterstaff      |       |    99 |       |       ||    99
       Whip              |       |    18 |   435 |   273 ||   726
       Hand axe          |       |       |       |   281 ||   281
Throw: Dart              |       |       |    20 |    54 ||    74
       Throwing net      |       |       |     2 |       ||     2
Evoke: Wand              |       |     3 |     7 |    16 ||    26
  Use: Potion            |       |     4 |     2 |     9 ||    15
       Scroll            |       |     4 |     7 |    10 ||    21
 Stab: Held in net/web   |       |       |     1 |       ||     1
Armor: Scale mail        |    86 |   125 |   171 |   489 ||   871
       Skin              |       |    10 |       |       ||    10
Dodge: Dodged            |    77 |   128 |   139 |   240 ||   584
Block: Buckler           |    30 |    21 |   125 |   254 ||   430
